Map: Berlingrad LE

Players

MillForGG (ForGG)

  • Race: Terran Terran
  • League: Grandmaster
  • Spawn Location: 5:00

Maplez - Winner!

  • Race: Protoss Protoss
  • League: Grandmaster
  • Spawn Location: 11:00

VOD

Have the link to the VOD?

Description

Time

  • Played on: May 8, 2022, 6:12 p.m.
  • Length: 12:50
Show
View Real Time Build Order
Export as new Build Order

MillForGG Terran 

Build Orders:  

Get SALT Encoding   

  12  0:00  SCV  
  13  0:12  SCV  
  14  0:17  Supply Depot  
  14  0:24  SCV  
  15  0:38  SCV  
  15  0:40  Barracks  
  16  0:43  Refinery  
  16  0:50  SCV  
  17  1:02  SCV  
  18  1:14  SCV  
  19  1:27  Orbital Command, Marine  
  20  1:39  Command Center  
  20  1:46  Barracks Reactor  
  20  1:52  Barracks  
  20  1:56  SCV  
  21  2:02  Supply Depot  
  21  2:08  SCV  
  22  2:12  Barracks  
  22  2:20  SCV  
  23  2:24  Marine x2  
  25  2:32  SCV  
  26  2:39  Barracks Tech Lab  
  26  2:41  Marine x2  
  28  2:44  SCV  
  28  2:45  Refinery  
  28  2:51  Orbital Command  
  29  2:56  SCV  
  30  2:59  Marine x2, Barracks Tech Lab  
  30  3:00  Marine  
  30  3:03  Stimpack  
  33  3:08  SCV  
  34  3:17  SCV  
  34  3:19  Marine x4  
  39  3:20  SCV  
  39  3:24  Combat Shield  
  40  3:28  Supply Depot  
  40  3:36  Marine x2  
  40  3:37  Marine x2  
  40  3:38  SCV x2  
  45  3:42  Supply Depot  
  45  3:51  SCV x2, Engineering Bay  
  47  3:57  Marine  
  47  3:58  Marine x3  
  50  4:03  SCV x2  
  50  4:07  Supply Depot  
  52  4:15  SCV x2, Marine x2  
  52  4:16  Marine x2  
  58  4:19  Terran Infantry Weapons Level 1  
  58  4:24  Factory  
  58  4:27  SCV x2  
  60  4:33  Marine x4  
  64  4:39  Supply Depot, SCV  
  64  4:40  SCV  
  66  4:52  SCV x2, Marine x4  
  69  4:59  Refinery  
  69  5:00  Refinery  
  69  5:04  SCV x2  
  71  5:09  Starport  
  71  5:10  Factory Reactor, Marine  
  71  5:16  Marauder x2  
  71  5:18  SCV x2  
  71  5:19  Marine  
  75  5:27  Marine  
  76  5:30  Supply Depot x2, SCV x2  
  76  5:32  Concussive Shells  
  78  5:38  Command Center  
  78  5:51  SCV x2  
  78  5:53  Barracks  
  78  5:54  Factory Reactor, Medivac x2  
  78  5:55  Barracks  
  86  5:57  Marauder x2  
  86  5:59  Supply Depot  
  86  6:02  Supply Depot  
  88  6:05  SCV x2  
  90  6:15  Terran Infantry Armor Level 1  
  90  6:17  SCV x2  
  90  6:25  Marauder x2  
  94  6:27  Medivac x2  
  94  6:29  SCV x2  
  100  6:34  Marine x2  
  102  6:41  Widow Mine x2, SCV x2  
  102  6:42  Barracks Reactor  
  108  6:49  Marauder  
  108  6:51  Barracks Tech Lab  
  108  6:52  Marine  
  109  6:57  SCV  
  109  6:59  Supply Depot x2  
  109  7:00  Supply Depot, SCV, Marauder, Medivac x2  
  117  7:02  Orbital Command  
  117  7:09  SCV  
  117  7:12  SCV  
  117  7:15  Marauder x2  
  123  7:16  Marine x2  
  123  7:21  Widow Mine, SCV  
  123  7:22  Marauder  
  130  7:24  SCV  
  125  7:33  SCV, Marine x2  
  125  7:36  SCV x2, Marauder x2  
  134  7:43  Marauder  
  136  7:45  SCV  
  136  7:46  Viking  
  136  7:49  SCV x2  
  136  7:54  Marine x4  
  136  7:57  SCV  
  137  8:01  SCV x2  
  138  8:06  Refinery x2  
  138  8:09  SCV  
  138  8:11  Marauder x3  
  145  8:13  SCV x2  
  145  8:14  Armory, Engineering Bay  
  145  8:19  Supply Depot x2  
  147  8:20  Viking x2  
  147  8:22  SCV  
  153  8:29  Marine x2  
  153  8:30  Marine x2  
  157  8:34  Command Center  
  162  8:41  Marauder x3  
  162  8:42  Supply Depot  
  162  8:44  Supply Depot  
  162  8:46  Supply Depot  
  162  8:50  Viking x2  
  166  8:56  Marine x4  
  166  9:02  Widow Mine  
  172  9:04  Widow Mine, Terran Infantry Weapons Level 2  
  172  9:05  Terran Infantry Armor Level 2  
  161  9:18  Barracks  
  161  9:21  Barracks  
  161  9:23  Marine x2  
  161  9:24  Marine x2  
  156  9:28  Barracks  
  156  9:30  SCV x3  
  158  9:34  Widow Mine x2  
  162  9:41  Medivac  
  162  9:42  SCV x3, Medivac  
  169  9:46  Planetary Fortress  
  169  9:51  Missile Turret  
  169  9:54  SCV x3  
  169  9:55  Widow Mine x2  
  169  9:58  Marine x4  
  178  10:08  SCV x3  
  181  10:23  Marauder x3  
  181  10:26  Marine x4  
  181  10:27  Barracks Tech Lab x2  
  191  10:28  Barracks Tech Lab  
  191  10:37  Widow Mine x2  
  189  10:44  Marauder x3  
  195  10:54  Terran Ship Weapons Level 1  
  195  11:06  Marauder x2  
  194  11:14  Marauder x3  
  194  11:15  Marauder  
  194  11:17  Viking x2  
  183  11:19  Marine x4  
  183  11:22  Widow Mine x2  
  191  11:27  Marauder x2  
  195  11:35  Marine  
  195  11:36  Marauder x2  
  183  11:57  Marauder x4  
  183  11:59  Marine  
  189  12:06  Marauder  
  189  12:08  Marine  
  189  12:09  Marine x2  
  189  12:10  Widow Mine x2  
  189  12:15  Marauder  
  174  12:18  Marauder x2  
  174  12:19  Marauder x2  
  181  12:27  Marine x4, Marauder  
Show
View Real Time Build Order
Export as new Build Order

Maplez Protoss - Winner!

Build Orders: 1 Gate Expand, Oracle Opening, Colossus Rush 

Get SALT Encoding   

  12  0:00  Probe  
  13  0:12  Probe  
  14  0:17  Pylon  
  14  0:24  Probe (Chrono Boost)  
  16  0:36  Probe (Chrono Boost)  
  16  0:38  Gateway  
  16  0:43  Probe (Chrono Boost)  
  16  0:46  Assimilator  
  17  0:51  Probe  
  18  1:03  Probe  
  19  1:15  Probe  
  20  1:25  Cybernetics Core  
  20  1:27  Probe  
  21  1:37  Nexus  
  21  1:41  Probe  
  22  1:49  Pylon  
  22  1:53  Probe  
  23  1:56  Assimilator  
  23  2:09  Probe (Chrono Boost)  
  23  2:11  Stargate  
  24  2:19  Probe (Chrono Boost)  
  24  2:21  Warp Gate  
  25  2:24  Probe (Chrono Boost)  
  25  2:27  Adept  
  28  2:36  Probe (Chrono Boost)  
  29  2:41  Probe (Chrono Boost)  
  30  2:49  Probe (Chrono Boost)  
  32  2:56  Probe (Chrono Boost)  
  32  2:57  Adept  
  32  2:58  Probe (Chrono Boost), Oracle (Chrono Boost)  
  35  3:03  Probe (Chrono Boost)  
  35  3:04  Probe (Chrono Boost)  
  39  3:11  Gateway  
  40  3:14  Probe  
  40  3:16  Probe, Pylon  
  42  3:26  Probe  
  43  3:27  Adept  
  45  3:34  Oracle  
  45  3:36  Probe  
  45  3:38  Assimilator  
  45  3:40  Assimilator  
  47  3:44  Shield Battery  
  47  3:47  Pylon  
  48  3:51  Probe  
  48  3:52  Robotics Facility  
  48  3:58  Probe  
  49  4:04  Probe  
  50  4:10  Probe  
  50  4:11  Gateway  
  50  4:13  Sentry  
  50  4:14  Stalker  
  55  4:20  Probe  
  56  4:28  Probe  
  57  4:36  Probe  
  57  4:37  Nexus  
  58  4:38  Immortal (Chrono Boost)  
  58  4:39  Pylon  
  62  4:57  Pylon x2  
  62  4:59  Stalker x2  
  66  5:03  Robotics Bay  
  66  5:15  Probe  
  66  5:18  Probe  
  66  5:19  Pylon  
  66  5:22  Zealot x2, Forge  
  70  5:31  Probe x2  
  70  5:32  Observer (Chrono Boost)  
  73  5:37  Gateway  
  73  5:38  Gateway  
  73  5:39  Gateway  
  73  5:44  Probe x2  
  73  5:47  Shield Battery  
  75  5:52  Colossus (Chrono Boost)  
  75  5:56  Probe  
  82  5:58  Protoss Ground Weapons Level 1  
  82  6:00  Extended Thermal Lance  
  82  6:05  Probe  
  82  6:06  Twilight Council  
  83  6:12  Probe  
  84  6:20  Zealot x2  
  84  6:21  Sentry  
  84  6:23  Probe x2  
  92  6:32  Gateway  
  93  6:33  Colossus (Chrono Boost)  
  93  6:34  Gateway  
  93  6:38  Probe x2  
  101  6:40  Probe  
  101  6:50  Probe  
  101  6:51  Probe  
  101  6:53  Charge (Chrono Boost)  
  103  6:58  Probe  
  103  7:00  Zealot x2  
  108  7:05  Pylon x2  
  108  7:08  Pylon  
  108  7:09  Pylon  
  108  7:17  Assimilator  
  108  7:18  Pylon  
  108  7:22  Assimilator  
  106  7:36  Zealot x2  
  110  7:37  Zealot x5  
  110  7:38  Cybernetics Core  
  120  7:45  Pylon  
  117  7:57  Probe x2  
  119  8:01  Photon Cannon  
  119  8:05  Zealot x5  
  125  8:06  Zealot x2  
  125  8:10  Templar Archives, Blink (Chrono Boost)  
  130  8:13  Photon Cannon  
  130  8:14  Probe  
  130  8:17  Photon Cannon  
  130  8:18  Shield Battery  
  131  8:23  Disruptor (Chrono Boost)  
  134  8:29  Probe, Protoss Ground Weapons Level 2  
  135  8:40  Probe  
  136  8:47  Zealot x2, High Templar x4  
  148  8:51  Pylon, Archon  
  148  8:52  Archon  
  148  8:53  Pylon  
  148  9:00  Gateway  
  148  9:01  Robotics Facility  
  148  9:04  Gateway  
  148  9:08  Colossus (Chrono Boost)  
  152  9:15  Nexus  
  152  9:21  High Templar x2  
  152  9:22  Stalker x3, High Templar x2  
  163  9:27  Archon x2  
  163  9:29  Probe  
  156  9:40  Pylon  
  156  9:46  Disruptor (Chrono Boost)  
  156  9:47  Stalker x3  
  165  10:01  Zealot x4  
  168  10:10  Photon Cannon  
  168  10:11  Shield Battery  
  168  10:14  Shield Battery  
  168  10:16  Stalker x2  
  170  10:25  Disruptor (Chrono Boost)  
  170  10:26  Disruptor (Chrono Boost)  
  174  10:37  Probe  
  167  10:43  Stalker x5  
  167  10:44  Stalker x3  
  187  10:58  Disruptor x2 (Chrono Boost)  
  181  11:09  Zealot x3  
  187  11:16  Zealot  
  187  11:17  Zealot x2  
  187  11:21  Dark Shrine  
  187  11:24  Forge  
  187  11:29  Pylon  
  187  11:35  Probe  
  188  11:47  Probe x4  
  174  11:59  Probe  
  175  12:06  Disruptor x2  
  181  12:11  Probe  
  164  12:15  Zealot  
  164  12:16  Zealot x8  
  164  12:22  Photon Cannon  
  153  12:31  Probe  
  153  12:35  Probe  
  138  12:37  Dark Templar x7  
  142  12:47  Stalker x2  
Tags
 
Add a new tag
Caveats
  • Supply blocks, unpowered buildings, or Contaminate may cause inaccurate times.
  • Supply counts are checked every 10 seconds.